 Dungeon Crawl Stone Soup version 0.26-a0-652-gafc20e3620 (webtiles) character file.

Game seed: 8976213258519473369

1885 dolemite99 the Grappler (level 8, 0/112 HPs)
             Began as a Troll Transmuter on Oct 4, 2020.
             Was an Elder of Fedhas.
             Killed by divine providence
             ... invoked by an orc priest
              (12 damage)
             ... on level 6 of the Dungeon.
             The game lasted 00:07:57 (6571 turns).

dolemite99 the Grappler (Troll Transmuter)          Turns: 6571, Time: 00:07:57

Health: 0/112      AC: 24    Str: 21    XL:     8   Next: 92%
Magic:  11/11      EV:  1    Int:  9    God:    Fedhas [****..]
Gold:   276        SH:  0    Dex: 10    Spells: 6/9 levels left

rFire    . . .     SeeInvis .     - Unarmed
rCold    + + .     Faith    .   (no shield)
rNeg     + + +     Spirit   .   (armour currently unavailable)
rPois    +         Reflect  .   (helmet currently unavailable)
rElec    .         Harm     .   (cloak currently unavailable)
rCorr    .         Rampage  .   (gloves unavailable)
MR       .....     NoTele   +   (boots unavailable)
Stlth    +.........             (no amulet)
HPRegen  0.68/turn              e - ring of protection from cold
MPRegen  0.12/turn              s - ring of protection from cold

@: tree-form
A: large, unfitting armour, regeneration 1
a: Wall of Briars, Grow Ballistomycete, Overgrow, Renounce Religion


You were on level 6 of the Dungeon.
You worshipped Fedhas.
Fedhas was greatly pleased with you.
You were a tree.
You visited 1 branch of the dungeon, and saw 6 of its levels.
You also visited: Sewer.

You collected 276 gold pieces.

Inventory:

Hand Weapons
 p - a +2 whip of draining
 y - a +2 short sword of flaming
 B - a +0 shortbow
 J - a +0 shortbow
Missiles
 b - 119 arrows
 g - 272 stones
 n - 91 sling bullets
 r - 25 poisoned darts (quivered)
Armour
 a - a +0 robe (melded)
 o - a +0 cloak
Jewellery
 e - a ring of protection from cold (left branch)
 s - a ring of protection from cold (right branch)
Wands
 C - a wand of random effects (18)
 G - a wand of iceblast (12)
 H - a wand of flame (13)
Scrolls
 c - 2 scrolls of remove curse {@r2}
 l - 2 scrolls of teleportation {unknown}
 m - 2 scrolls of fear {unknown}
 q - a scroll of noise {unknown}
 t - a scroll of enchant armour {unknown}
 u - 4 scrolls of enchant weapon {unknown}
 w - a scroll of blinking {unknown}
 D - a scroll of immolation {unknown}
 E - a scroll of holy word {unknown}
 I - a scroll of magic mapping {unknown}
 K - 2 scrolls of identify {@r1}
Potions
 d - a potion of lignification
 f - 3 potions of heal wounds {unknown}
 h - 2 potions of flight {unknown}
 i - 3 potions of haste {unknown}
 j - a potion of cancellation {unknown}
 k - 3 potions of curing
 v - 2 potions of ambrosia {unknown}
 x - a potion of magic {unknown}
 z - a potion of brilliance {unknown}
 A - 2 potions of might {unknown}
 F - a potion of invisibility {unknown}


   Skills:
 - Level 3.3 Fighting
 - Level 3.6 Throwing
 - Level 1.5 Dodging
 - Level 8.2 Unarmed Combat
 - Level 1.2 Spellcasting
 - Level 1.3 Transmutations
 + Level 5.6 Invocations


You had 6 spell levels left.
You knew the following spells:

 Your Spells              Type           Power        Failure   Level
a - Beastly Appendage     Tmut           #.....       21%         1
b - Wereblood             Tmut           #.......     30%         2

Your spell library contained the following spells:

 Spells                   Type           Power        Failure   Level
 Sandblast                Erth           #.....       36%         1
 Passwall                 Tmut/Erth      #.......     38%         2
 Spider Form              Tmut/Pois      #.........   63%         3
 Stone Arrow              Conj/Erth      #.....       73%         3
 Ice Form                 Ice/Tmut       #.......     95%         4
 Petrify                  Tmut/Erth      #.......     95%         4
 Blade Hands              Tmut           #.........   99%         5
 Lee's Rapid Deconstruct  Erth           #.........   100%        5


Dungeon Overview and Level Annotations

Branches:
Dungeon (6/15)              Sewer (visited)
 Temple: D:4-7

Altars:
Fedhas
Qazlal
Trog

Annotations:
D:4 3 runed translucent doors, Psyclone's ghost, novice OpCj; kmckee's ghost, amateur HOMo; om's ghost, amateur DDFi; taxman66's ghost, novice HOMo


Innate Abilities, Weirdness & Mutations

You are too large for most types of armour.
((You have claws for hands.))
Your natural rate of healing is unusually fast.
((You are covered in fur. (AC +1)))
((You have extremely tough skin. (AC +3)))


Message History

The orc warrior looks as sick as possible!
The orc warrior is moderately wounded.
The orc warrior hits you with a +0 war axe!!
* * * LOW HITPOINT WARNING * * *
You closely miss the orc warrior.
The orc warrior is moderately wounded.
The orc priest casts a cantrip, but nothing happens.
You claw the orc warrior!
The orc warrior is severely wounded.
The orc warrior hits you with a +0 war axe!
* * * LOW HITPOINT WARNING * * *
Okay, then.
Really quaff the potion of lignification?
You turn into a tree.
Your +0 robe melds into your body.
Your roots penetrate the ground.
The orc warrior hits you but does no damage.
The orc priest invokes the aid of Beogh against you.
Beogh smites you!
You die...
Fedhas appreciates your contribution to the ecosystem.

#.................
#.###.############
#.# #.#.....<†.#..
#.# #.#......#.#.#
#.# #.#......#.#.#
#.# #.####.#.#.#.#
#.###.## #.#...#.#
#.#>=..# #.#####.#
#♣#.#..# #.......#
#o#.#..# #.######.
#o#.#..##### #. .
#o#.#...... ...
..#######.#.##..###
###.
........#.#........
..
........#.#)###.###
#. ...(.....†..# #.
......($#.### #.


You could see an orc warrior (very poisoned) and 2 orc priests.

Vanquished Creatures
  Sigmund (D:3)
  Menkaure (D:6)
  An ice beast (D:6)
  3 ogres
  3 centaurs
  2 big kobolds (Sewer)
  2 bullfrogs (D:6)
  A jelly (D:5)
  A centaur skeleton (D:5)
  A hound (D:5)
  5 orc priests
  Ijyb (D:5)
  An iguana (D:4)
  3 worker ants
  A hound zombie (D:5)
  Robin (D:4)
  11 adders
  2 river rats (Sewer)
  2 shadow imps
  A white imp (D:5)
  2 ufetubi
  6 oozes (Sewer)
  3 adder skeletons
  8 worms
  2 dart slugs
  9 leopard geckos
  16 orcs
  5 bats
  8 giant cockroaches
  17 goblins
  7 hobgoblins
  10 jackals
  9 kobolds
  4 quokkas
  2 ball pythons
  5 frilled lizards
  A leopard gecko skeleton (D:4)
  A quokka skeleton (D:6)
  12 rats
171 creatures vanquished.

Vanquished Creatures (collateral kills)
  3 ballistomycete spores (D:6)
3 creatures vanquished.

Grand Total: 174 creatures vanquished

Notes
Turn   | Place    | Note
-------+----------+-------------------------------------------
     0 | D:1      | dolemite99 the Troll Transmuter began the quest for the
                  | Orb.
     0 | D:1      | Reached XP level 1. HP: 18/18 MP: 1/1
    73 | D:1      | Reached XP level 2. HP: 19/26 MP: 2/2
   415 | D:1      | Reached skill level 4 in Unarmed Combat
   539 | D:2      | Found a blossoming altar of Fedhas.
   728 | D:2      | Became a worshipper of Fedhas Madash
   865 | D:2      | Reached XP level 3. HP: 32/32 MP: 3/3
   914 | D:1      | Reached XP level 4. HP: 22/40 MP: 4/4
  1052 | D:2      | Reached skill level 5 in Unarmed Combat
  1385 | D:2      | Found a faded altar of an unknown god.
  1554 | D:2      | Reached * piety under Fedhas
  1554 | D:2      | Reached XP level 5. HP: 46/46 MP: 3/5
  1850 | D:2      | Reached skill level 6 in Unarmed Combat
  2221 | D:3      | Reached skill level 1 in Fighting
  2428 | D:3      | Noticed Sigmund
  2447 | D:3      | Killed Sigmund
  2447 | D:3      | Reached XP level 6. HP: 51/61 MP: 4/6
  2537 | D:3      | Reached ** piety under Fedhas
  2958 | D:4      | Noticed Robin
  2967 | D:4      | Killed Robin
  3155 | D:4      | Reached XP level 7. HP: 67/67 MP: 5/7
  3200 | D:4      | Found a runed translucent gate.
  3200 | D:4      | Found a runed translucent gate.
  3201 | D:4      | Found a runed translucent gate.
  3202 | D:4      | Noticed Psyclone's ghost (novice OpCj)
  3202 | D:4      | Noticed taxman66's ghost (novice HOMo)
  3202 | D:4      | Noticed om's ghost (amateur DDFi)
  3203 | D:4      | Noticed kmckee's ghost (amateur HOMo)
  3261 | D:4      | Found a glowing drain.
  3266 | D:4      | Reached skill level 7 in Unarmed Combat
  3273 | Sewer    | Entered a sewer
  3277 | Sewer    | Learned a level 2 spell: Wereblood
  3638 | Sewer    | Reached *** piety under Fedhas
  4112 | Sewer    | Reached skill level 8 in Unarmed Combat
  4455 | D:5      | Entered Level 5 of the Dungeon
  4500 | D:5      | Found a stormy altar of Qazlal.
  4528 | D:5      | Reached skill level 1 in Throwing
  4721 | D:5      | Reached XP level 8. HP: 75/75 MP: 8/8
  4744 | D:5      | Noticed Ijyb
  4758 | D:5      | Killed Ijyb
  5209 | D:5      | Found a bloodstained altar of Trog.
  5409 | D:6      | Reached skill level 1 in Invocations
  5491 | D:6      | Noticed Menkaure
  5495 | D:6      | Killed Menkaure
  6084 | D:6      | Reached **** piety under Fedhas
  6084 | D:6      | Reached skill level 5 in Invocations
  6571 | D:6      | Killed from afar by an orc priest

Illustrated notes

Levels and vault maps discovered:
D:1:      dpeg_arrival_solitude, layout_rooms, item_on_display_a
D:2:      layout_basic, chequers_ecumenical_altar_grove, fedhas_ov_isle_minmay
D:3:      layout_basic, uniq_sigmund
D:4:      layout_rooms, gup_sewer_entry_pipe, gammafunk_ghost_cemetery,
          uniq_robin
D:5:      layout_loops_corners, bloody_trog, basic_altar, dk_noncrumbling_4,
          uniq_ijyb
D:6:      layout_basic, basic_altar, uniq_menkaure

Skill      XL: |  1  2  3  4  5  6  7  8 |
---------------+-------------------------+-----
Unarmed Combat | 4 5 6 8 |  8.2
Fighting       | 3 |  3.3
Throwing       | 2 3 |  3.6
Invocations    | 5 |  5.6
Dodging        | |  1.5
Spellcasting   | |  1.2
Transmutations | |  1.3

Action                   |  1- 3 |  4- 6 |  7- 9 || total
-------------------------+-------+-------+-------++-------
Melee: Unarmed           |    57 |   139 |   205 ||   401
       Kick              |       |    20 |     7 ||    27
       Headbutt          |       |     8 |     3 ||    11
       Punch             |       |     2 |     4 ||     6
Throw: Stone             |    29 |    60 |   126 ||   215
       Dart              |       |       |    47 ||    47
 Cast: Beastly Appendage |       |    20 |     9 ||    29
Invok: Grow Ballistomyce |       |       |     1 ||     1
  Use: Scroll            |       |     2 |     2 ||     4
       Potion            |       |     1 |     1 ||     2
 Stab: Sleeping          |       |     1 |       ||     1
Armor: Robe              |    22 |    57 |    57 ||   136
       Skin              |       |       |     1 ||     1
Dodge: Dodged            |    29 |    74 |   110 ||   213

Table legend: (Time is in decaauts)
 A = Elapsed time spent in this place.
 B = Non-inter-level travel time spent in this place.
 C = Inter-level travel time spent in this place.
 D = Time resting spent in this place.
 E = Time spent auto-exploring this place.
 F = Levels seen in this place.
 G = Mean time per level.
                   A        B        C        D        E       F      G
               +--------+--------+--------+--------+--------+-----+--------+
         Total |   6750 |   6547 |    203 |   1250 |   3733 |   7 |  964.3 |
       Dungeon |   5641 |   5438 |    203 |   1242 |   2975 |   6 |  940.2 |
         Sewer |   1109 |   1109 |      0 |      8 |    757 |   1 | 1109.0 |
               +--------+--------+--------+--------+--------+-----+--------+

Top non-repeatable levels by time:
     D:2: 1395 daAuts
     D:6: 1149 daAuts
   Sewer: 1109 daAuts
     D:5: 938 daAuts
     D:3: 845 daAuts
     D:4: 664 daAuts
     D:1: 647 daAuts
